Map: Ley Lines

Players

sebesdes - Winner!

  • Race: Protoss Protoss
  • League: Master
  • Spawn Location: 1:00

Harstem

  • Race: Protoss Protoss
  • League: Grandmaster
  • Spawn Location: 7:00

Event: HomeStory Cup XXVII

VOD

Have the link to the VOD?

Description

Time

  • Played on: June 28, 2025, 10:43 a.m.
  • Length: 7:59

All games in this series

Show
View Real Time Build Order
Export as new Build Order

sebesdes Protoss - Winner!

Build Orders: 1 Gate Expand 

Get SALT Encoding   

  12  0:00  Probe  
  13  0:12  Probe  
  14  0:16  Pylon  
  14  0:23  Probe  
  15  0:31  Probe  
  15  0:35  Gateway  
  15  0:39  Probe  
  16  0:45  Assimilator  
  17  0:51  Probe  
  18  1:03  Probe  
  19  1:15  Probe  
  20  1:22  Nexus  
  20  1:33  Cybernetics Core  
  20  1:36  Probe  
  21  1:42  Assimilator  
  21  1:50  Probe  
  21  1:52  Pylon  
  22  2:02  Probe, Sentry  
  23  2:10  Warp Gate  
  23  2:14  Probe  
  23  2:15  Gateway  
  26  2:21  Shield Battery  
  26  2:26  Probe  
  26  2:28  Sentry  
  29  2:37  Probe  
  30  2:38  Probe  
  31  2:49  Probe  
  31  2:51  Gateway, Sentry  
  32  2:57  Pylon  
  34  3:04  Probe  
  35  3:07  Stalker  
  35  3:08  Shield Battery  
  37  3:13  Stalker  
  39  3:22  Shield Battery  
  39  3:23  Probe  
  40  3:36  Stargate  
  40  3:39  Probe  
  41  3:43  Probe  
  41  3:45  Shield Battery  
  42  3:55  Pylon  
  42  3:58  Shield Battery, Sentry  
  42  4:00  Zealot  
  46  4:03  Stalker  
  46  4:07  Assimilator  
  46  4:09  Shield Battery  
  48  4:11  Shield Battery  
  48  4:14  Phoenix  
  48  4:16  Probe  
  48  4:17  Probe  
  52  4:31  Stalker  
  52  4:33  Shield Battery  
  52  4:37  Adept  
  58  4:54  Zealot  
  50  5:12  Pylon  
  45  5:15  Stalker  
  45  5:20  Probe  
  45  5:21  Phoenix, Probe  
  37  5:28  Probe  
  36  5:31  Sentry  
  36  5:34  Probe  
  39  5:39  Probe  
  41  5:44  Probe  
  42  5:54  Probe  
  42  5:56  Probe  
  44  6:10  Probe  
  42  6:12  Stalker x2  
  42  6:17  Probe  
  44  6:19  Probe  
  45  6:30  Probe  
  44  6:33  Probe  
  44  6:36  Stalker x2  
  49  6:41  Probe  
  49  6:43  Probe  
  49  6:44  Stalker  
  53  6:49  Probe  
  54  6:57  Probe x2, Twilight Council  
  55  7:06  Pylon  
  56  7:10  Stalker  
  58  7:16  Stalker  
  58  7:22  Stalker  
  62  7:27  Pylon  
  62  7:29  Probe  
  63  7:38  Probe  
  63  7:42  Stalker  
Show
View Real Time Build Order
Export as new Build Order

Harstem Protoss 

Build Orders:  

Get SALT Encoding   

  12  0:05  Probe  
  13  0:17  Probe  
  14  0:21  Pylon  
  14  0:29  Probe  
  15  0:37  Probe  
  15  0:39  Gateway  
  16  0:45  Probe, Assimilator  
  17  0:55  Probe  
  17  0:59  Assimilator  
  17  1:03  Probe  
  18  1:10  Gateway  
  19  1:11  Probe  
  20  1:22  Probe  
  21  1:26  Cybernetics Core  
  21  1:34  Pylon, Probe  
  22  1:46  Probe  
  24  2:03  Warp Gate, Pylon, Adept  
  24  2:04  Probe, Adept  
  28  2:21  Robotics Facility  
  28  2:35  Adept x2  
  32  2:43  Gateway  
  32  2:55  Probe  
  32  2:57  Immortal  
  33  3:01  Pylon  
  33  3:08  Sentry  
  39  3:26  Pylon  
  39  3:29  Immortal  
  39  3:40  Pylon  
  43  3:56  Sentry  
  43  3:58  Stalker, Warp Prism  
  47  4:04  Stalker  
  51  4:19  Pylon  
  51  4:46  Stalker x3  
  47  5:09  Adept  
  47  5:10  Adept  
  47  5:11  Stalker  
  45  5:15  Warp Prism  
  29  5:32  Stalker x2  
  33  5:39  Stalker  
  32  5:57  Stalker x2  
  32  6:03  Stalker  
  36  6:19  Phoenix, Probe  
  36  6:23  Nexus  
  37  6:33  Probe  
  37  6:36  Sentry, Twilight Council  
  40  6:43  Stalker  
  42  6:53  Probe  
  43  6:57  Stalker  
  45  7:05  Probe  
  46  7:19  Pylon  
  47  7:26  Dark Shrine  
  47  7:29  Probe  
  48  7:39  Stalker  
  48  7:43  Stalker  
  51  7:46  Probe  
Tags
 
Add a new tag
Caveats
  • Supply blocks, unpowered buildings, or Contaminate may cause inaccurate times.
  • Supply counts are checked every 10 seconds.